 Dungeon Crawl Stone Soup version 0.28.0 (webtiles) character file.

Game seed: 10995833570583139046

1241 fragbeetle the Spawn of Chaos (level 8, -1/58 HPs)
             Began as a Djinni Fire Elementalist on Feb 7, 2022.
             Was an Initiate of Makhleb.
             Slain by a centaur warrior zombie (6 damage)
             ... on level 6 of the Dungeon.
             The game lasted 00:12:46 (7892 turns).

fragbeetle the Spawn of Chaos (DjFE)                Turns: 7892, Time: 00:12:47

Health: -1/58      AC:  3    Str:  9    XL:     8   Next: 78%
Gold:   199        EV: 12    Int: 16    God:    Makhleb [......] SH:  0 Dex: 15

rFire   + + +      SeeInvis .   r - +3 short sword
rCold   x x .      Faith    .   (no shield)
rNeg    . . .      Spirit   .   s - +0 leather armour
rPois   ∞          Reflect  .   (no helmet)
rElec   .          Harm     .   (no cloak)
rCorr   .          Rampage  .   (no gloves)
Will    .....                   (boots unavailable)
Stlth   ++........              (no amulet)
HPRegen 0.19/turn               q - ring of fire
MPRegen 0.00/turn               (no ring)

@: flying
A: sickness immunity, fire resistance 2, cold vulnerability 1, float, innate
caster, HP casting, extra vitality 1
a: Renounce Religion


You were on level 6 of the Dungeon.
You worshipped Makhleb.
Makhleb was noncommittal.
You visited 2 branches of the dungeon, and saw 7 of its levels.

You collected 199 gold pieces.

Inventory:

Hand Weapons
 g - a +0 dagger of speed
 r - a +3 short sword (weapon)
Missiles
 n - 6 boomerangs
Armour
 a - a +0 robe
 s - a +0 leather armour (worn)
Jewellery
 q - a ring of fire (left hand)
 v - an amulet of reflection
Scrolls
 d - a scroll of silence {unknown}
 f - a scroll of enchant weapon {unknown}
 h - 5 scrolls of identify {unknown}
 j - 2 scrolls of amnesia {unknown}
 k - 2 scrolls of blinking {unknown}
 l - 2 scrolls of magic mapping {unknown}
 o - 2 scrolls of summoning {unknown}
 t - 2 scrolls of immolation {unknown}
 u - 2 scrolls of teleportation {unknown}
Potions
 b - a potion of degeneration {unknown}
 c - 4 potions of curing {unknown}
 e - 3 potions of might {unknown}
 i - a potion of brilliance {unknown}
 m - 2 potions of mutation {unknown}
 p - 4 potions of attraction {unknown}


   Skills:
 - Level 4.0 Fighting
 - Level 2.1 Dodging
 - Level 1.5 Stealth
 * Level 5.6 Spellcasting
 - Level 6.0 Invocations


You couldn't memorise any spells.
You knew the following spells:

 Your Spells              Type           Power      Damage    Failure   Level
a - Foxfire               Conj/Fire      100%       2x1d9     1%          1
b - Sting                 Tmut/Pois      88%        1d7       1%          1
c - Conjure Flame         Conj/Fire      33%        6-21      6%          3
d - Inner Flame           Hex/Fire       33%        N/A       6%          3
e - Flame Wave            Conj/Fire      33%        2d8       21%         4
f - Poisonous Vapours     Pois/Air       44%        N/A       3%          2
g - Dazzling Flash        Conj/Hex       44%        N/A       6%          3
s - Scorch                Fire           66%        2d8       3%          2
Your spell library was empty.

Dungeon Overview and Level Annotations

Branches:
Dungeon (6/15)             Temple (1/1) D:4

Altars:
Ashenzari
Cheibriados
Dithmenos
Elyvilon
Fedhas
Gozag
Hepliaklqana
Kikubaaqudgha
Makhleb
Nemelex Xobeh
Okawaru
Qazlal
Ru
Sif Muna
Trog
Uskayaw
Vehumet
Wu Jian
Xom
Yredelemnul
Zin
The Shining One


Innate Abilities, Weirdness & Mutations

You are immune to sickness and miasma.
You are immune to poison.
Your flesh is very heat resistant. (rF++)
You are vulnerable to cold. (rC-)
You float through the air rather than walking.
You learn spells naturally, not from books.
Your magical power is your life essence.
You have superior vitality. (+4 MHP)


Message History

You feel a surge of power!
Flames lash the ice beast.
The ice beast melts!
The ice beast is lightly wounded.
The ice beast's fire resistance burns away.
Casting: Scorch (safe; 3% risk of failure)
Confirm with . or Enter, or press ? or * to list all spells.
You feel a surge of power!
Flames lash the ice beast.
The ice beast melts!
The ice beast is moderately wounded.
Unknown command.
Casting: Scorch (safe; 3% risk of failure)
Confirm with . or Enter, or press ? or * to list all spells.
You feel a surge of power!
Flames lash the ice beast.
The ice beast melts!
The ice beast is moderately wounded.
You hear a shout!
The ice beast hits you. The ice beast freezes you!
You feel a terrible chill!
An orc warrior comes into view. It is wielding a +0 war axe.
Casting: Scorch (safe; 3% risk of failure)
Confirm with . or Enter, or press ? or * to list all spells.
You feel a surge of power!
Flames lash the ice beast.
The ice beast melts!
The ice beast is severely wounded.
The ice beast barely misses you.
Unknown command.
Casting: Scorch (safe; 3% risk of failure)
Confirm with . or Enter, or press ? or * to list all spells.
You feel a surge of power!
Flames lash the centaur warrior zombie.
The centaur warrior zombie is lightly damaged.
The centaur warrior zombie's fire resistance burns away.
The ice beast hits you but does no damage.
Unknown command.
Casting: Scorch (safe; 3% risk of failure)
Confirm with . or Enter, or press ? or * to list all spells.
You feel a surge of power!
Flames lash the centaur warrior zombie.
The centaur warrior zombie is burned terribly!
The centaur warrior zombie is moderately damaged.
The centaur warrior zombie hits you. The centaur warrior zombie kicks you.
The ice beast barely misses you. The centaur warrior zombie hits you.
The centaur warrior zombie kicks you. The ice beast hits you.
The ice beast freezes you!
You feel a terrible chill!
* * * LOW HITPOINT WARNING * * *
The centaur warrior zombie hits you.
You die...

..........
#.........8
#........... ....
###........##.##...
##.........(##.....5
##....5......##......
#............#.......
#...Z.......##.......
#...@†...#.......[...
##..Yo.#.#.# #.......
#..........# .......
#...)..).#...........
#...o.....[##.)..<...
##...)...............
##...#....###......$
#..##....# .......
#.# #.?..# .......


You could see an orc warrior, an ice beast (combustible), a white imp, an orc
and a centaur warrior zombie (combustible).

Vanquished Creatures
  Edmund (D:4)
  A water moccasin (D:6)
  A sky beast (D:5)
  An ogre (D:4)
  A centaur (D:5)
  2 phantoms
  A kobold brigand (D:6)
  A scorpion (D:5)
  2 bullfrog zombies
  A hound (D:6)
  A bullfrog skeleton (D:5)
  A centaur skeleton (D:5)
  A gnoll shaman (D:5)
  3 iguanas
  An orc wizard (D:6)
  2 hound skeletons
  A howler monkey zombie (D:5)
  3 gnolls (D:5)
  6 adders
  A white imp (D:5)
  An ufetubus (D:4)
  A dart slug (D:3)
  2 orcs (D:6)
  5 ball pythons
  7 endoplasms
  2 giant cockroaches
  7 goblins
  6 hobgoblins
  3 jackals (D:1)
  A quokka (D:4)
  3 bats
  4 frilled lizards
  10 kobolds
  4 rats
88 creatures vanquished.

Vanquished Creatures (others)
  12 foxfires (D:1)
12 creatures vanquished.

Grand Total: 100 creatures vanquished

Notes
Turn   | Place    | Note
-------+----------+-------------------------------------------
     0 | D:1      | fragbeetle the Djinni Fire Elementalist began the quest for
                  | the Orb.
     0 | D:1      | Reached XP level 1. HP: 15/15 MP: 0/0
   142 | D:1      | Reached XP level 2. HP: 11/21 MP: 0/0
   922 | D:1      | Reached XP level 3. HP: 23/25 MP: 0/0
   922 | D:1      | Learned a level 1 spell: Sting
  2597 | D:3      | Reached XP level 4. HP: 26/31 MP: 0/0
  2701 | D:3      | You are sucked into a shaft and drop 1 floor!
  2704 | D:4      | Noticed a phantom
  2709 | D:4      | Killed a phantom
  2710 | D:4      | Reached XP level 5. HP: 28/35 MP: 0/0
  2710 | D:4      | Learned a level 2 spell: Poisonous Vapours
  3639 | D:3      | Found a faded altar of an unknown god.
  3684 | D:4      | Found a staircase to the Ecumenical Temple.
  3687 | D:4      | Noticed an ogre
  3691 | Temple   | Entered the Ecumenical Temple
  3871 | Temple   | Became a worshipper of Makhleb the Destroyer
  4310 | D:4      | Noticed Edmund
  4603 | D:4      | Reached skill level 1 in Fighting
  4751 | D:4      | Reached XP level 6. HP: 40/42 MP: 0/0
  4993 | D:4      | Killed Edmund
  5257 | D:4      | Killed an ogre
  5258 | D:4      | Reached skill level 1 in Invocations
  5258 | D:4      | Reached XP level 7. HP: 46/52 MP: 0/0
  5258 | D:4      | Learned a level 3 spell: Dazzling Flash
  5336 | D:5      | Entered Level 5 of the Dungeon
  5615 | D:6      | Noticed a water moccasin
  5625 | D:6      | Reached skill level 2 in Invocations
  5639 | D:6      | Reached skill level 3 in Invocations
  5965 | D:5      | Reached skill level 4 in Invocations
  6095 | D:5      | Reached XP level 8. HP: 11/58 MP: 0/0
  6435 | D:5      | Reached skill level 5 in Invocations
  6920 | D:5      | Found a snail-covered altar of Cheibriados.
  7240 | D:5      | Reached skill level 6 in Invocations
  7604 | D:6      | Reached skill level 5 in Spellcasting
  7892 | D:6      | Slain by a centaur warrior zombie

Illustrated notes

Levels and vault maps discovered:
D:1:      shiori_arrival_oz, layout_basic, chequers_big_river
D:2:      layout_loops_cross
D:3:      layout_basic, hellmonk_ecumenical_altar_lost_god
D:4:      layout_loops_ring, minmay_temple_entry_butterflies, uniq_edmund
D:5:      layout_rooms, mainiacjoe_overflow_cross_hatched
D:6:      layout_rooms, st_stairs_1, hangedman_decor_push
Temple:   minmay_crystal_snake_temple

Skill      XL: |  1  2  3  4  5  6  7  8 |
---------------+-------------------------+-----
Spellcasting   | 3 4 5 |  5.6
Fighting       | 1 4 |  4.0
Invocations    | 1 4 6 |  6.0
Dodging        | |  2.1
Stealth        | |  1.5

Action                   |  1- 3 |  4- 6 |  7- 9 || total
-------------------------+-------+-------+-------++-------
Melee: Short sword       |    10 |     9 |    13 ||    32
       Dagger            |    45 |    31 |       ||    76
       Punch             |       |       |     1 ||     1
 Cast: Foxfire           |     8 |       |       ||     8
       Scorch            |    27 |    24 |    73 ||   124
       Sting             |     1 |       |       ||     1
       Poisonous Vapours |       |     7 |     3 ||    10
       Inner Flame       |       |       |     2 ||     2
 Stab: Sleeping          |       |     1 |       ||     1
Armor: Robe              |     4 |     6 |       ||    10
       Leather armour    |       |       |    22 ||    22
Dodge: Dodged            |    33 |    27 |    47 ||   107
